 Dungeon Crawl Stone Soup version 0.22-a0-571-g4a923d4b9e (webtiles) character file.

51 Oirien the Skirmisher (level 3, -8/29 HPs)
             Began as a Demonspawn Fighter on July 1, 2018.
             Killed by divine providence
             ... invoked by an orc priest
              (15 damage)
             ... on level 3 of the Dungeon.
             The game lasted 00:04:08 (1064 turns).

Oirien the Skirmisher (Demonspawn Fighter)          Turns: 1064, Time: 00:04:08

Health: -8/29      AC:  9    Str: 17    XL:     3   Next: 57%
Magic:  3/3        EV:  8    Int:  9    God:
Gold:   42         SH: 14    Dex: 12    Spells: 2/2 levels left

rFire    . . .     SeeInvis .   c - +0 hand axe (freeze)
rCold    . . .     Gourm    .   h - +1 large shield {AC+3}
rNeg     . . .     Faith    .   b - +0 scale mail
rPois    .         Spirit   .   (no helmet)
rElec    .         Reflect  .   (no cloak)
rCorr    .         Harm     .   (no gloves)
MR       .....                  (no boots)
Stlth    ..........             (no amulet)
HPRegen  0.09/turn              (no ring)
MPRegen  0.08/turn              (no ring)

@: no status effects
A: repulsion field 2
a: no special abilities


You were on level 3 of the Dungeon.
You were not hungry.

You visited 1 branch of the dungeon, and saw 3 of its levels.

You collected 42 gold pieces.

Inventory:

Hand Weapons
 c - a +0 hand axe of freezing (weapon)
Armour
 b - a +0 scale mail (worn)
 h - a +1 large shield of protection (worn)
Scrolls
 a - a scroll of magic mapping {unknown}
 e - a scroll of enchant weapon {unknown}
 i - a scroll of enchant armour {unknown}
 j - a scroll of blinking {unknown}
 l - a scroll of teleportation {unknown}
Potions
 d - a potion of might
 k - a potion of agility {unknown}
Comestibles
 f - 4 rations


   Skills:
 + Level 3.2 Fighting
 * Level 2.4 Axes
 + Level 3.2 Armour
 + Level 3.1 Shields


You had 2 spell levels left.
You didn't know any spells.
Your spell library was empty.

Dungeon Overview and Level Annotations

Branches:
Dungeon (3/15)

Altars:


Innate Abilities, Weirdness & Mutations

You are surrounded by a moderate repulsion field. (EV +3)


Message History

The orc priest mumbles some strange prayers to Beogh against you.
Beogh smites you!
Ouch! That really hurt!
The orc wizard hits you but does no damage.
You hit the orc wizard. You freeze the orc wizard.
The orc wizard is severely wounded.
You block the orc wizard's attack.
You slash the orc wizard! You freeze the orc wizard.
You kill the orc wizard!
You have reached level 3!
Your experience leads to an increase in your attributes!
Increase (S)trength, (I)ntelligence, or (D)exterity?
You feel stronger.
Your demonic ancestry asserts itself...
Your repulsive radiation grows stronger.
You hit the orc. You freeze the orc. The orc hits you with a mace.
* * * LOW HITPOINT WARNING * * *
The orc priest calls down the wrath of Beogh upon you.
Beogh smites you!
Ouch! That really hurt!
You die...

.## # ..# .# #o##.##
...... ## #....# .....
#oo..# .....
#o#..##.....
#######@)......... #.
#.........>....... #..
#.................
#.##.......[?........
##....................
###..#..................
........................
###.[...................
........................


You could see an orc priest and 3 orcs.

Vanquished Creatures
  An orc wizard (D:3)
  3 bats
  2 giant cockroaches (D:1)
  4 hobgoblins
  2 frilled lizards
  4 goblins (D:1)
  A kobold (D:1)
  5 rats
22 creatures vanquished.

Notes
Turn   | Place    | Note
-------+----------+-------------------------------------------
     0 | D:1      | Oirien the Demonspawn Fighter began the quest for the Orb.
     0 | D:1      | Reached XP level 1. HP: 18/18 MP: 1/1
   296 | D:1      | Gained mutation: You are surrounded by a mild repulsion field. (EV +2) [demonic ancestry]
   296 | D:1      | Reached XP level 2. HP: 20/24 MP: 2/2
  1064 | D:3      | Gained mutation: You are surrounded by a moderate repulsion field. (EV +3) [demonic ancestry]
  1064 | D:3      | Reached XP level 3. HP: 9/29 MP: 3/3
  1064 | D:3      | Killed from afar by an orc priest

Vault maps used:
D:1:      ebering_trefoil_3fold
D:3:      uniq_jessica

Skill      XL: |  1  2 |
---------------+-------+-----
Axes           | 2 |  2.4
Armour         | 3 |  3.2
Shields        | 3 |  3.1
Fighting       | |  3.2

Action                   || total
-------------------------++-------
Melee: War axe           ||    25
       Hand axe          ||    42
  Eat: Chunk             ||     1
Armor: Scale mail        ||    29
Dodge: Dodged            ||    13
Block: Shield            ||    14
       Large shield      ||    27

Table legend:
 A = Spawn XP
 B = Non-spawn XP
 C = Spawn XP percentage of total XP
 D = Spawn monster count
 E = Non-spawn monster count
 F = Spawn count percentage of total count
 G = Total turns spent on level
                    A         B        C        D         E        F      G
               +---------+---------+-------+---------+---------+-------+---------
         Total |       0 |      73 |   0.0 |       0 |      22 |   0.0 |  1064
               +---------+---------+-------+---------+---------+-------+---------
           D:1 |       0 |      26 |   0.0 |       0 |      16 |   0.0 |   915
           D:2 |       0 |       4 |   0.0 |       0 |       3 |   0.0 |    78
           D:3 |       0 |      43 |   0.0 |       0 |       3 |   0.0 |    71
               +---------+---------+-------+---------+---------+-------+---------
